Map: King Sejong Station LE

Players

hydra - Winner!

  • Race: Zerg Zerg
  • League: Grandmaster

EnVyUsPolt (Polt)

  • Race: Terran Terran
  • League: Grandmaster

Event: The PiG Daily 30

VOD

https://www.youtube.com/watch?v=PT8yUeNFo2A

Description

Time

  • Played on: June 29, 2016, 3:43 p.m.
  • Length: 10:31

All games in this series

Show
View Real Time Build Order
Export as new Build Order

hydra Zerg - Winner!

Build Orders: Hatch First 

Get SALT Encoding   

  12  0:00  Drone  
  13  0:12  Overlord  
  13  0:16  Drone  
  14  0:30  Drone x2  
  14  0:34  Drone  
  17  0:51  Hatchery  
  17  0:53  Drone  
  18  0:57  Drone  
  18  1:04  Extractor  
  17  1:12  Spawning Pool  
  17  1:15  Drone  
  17  1:19  Drone  
  18  1:27  Drone  
  19  1:38  Overlord  
  19  1:58  Queen  
  19  1:59  Zergling x4  
  23  2:02  Queen  
  23  2:04  Metabolic Boost  
  25  2:12  Drone  
  25  2:13  Zergling x2  
  25  2:14  Drone  
  28  2:21  Drone  
  29  2:25  Drone  
  30  2:32  Drone  
  30  2:34  Queen  
  30  2:36  Drone  
  34  2:41  Pneumatized Carapace  
  34  2:45  Overlord  
  34  2:49  Drone  
  35  2:55  Drone  
  35  2:56  Overlord  
  36  3:05  Drone  
  37  3:07  Drone  
  37  3:08  Drone x3  
  37  3:10  Drone  
  42  3:17  Drone  
  42  3:18  Drone x2  
  42  3:19  Drone  
  46  3:33  Hatchery  
  45  3:39  Roach Warren  
  44  3:42  Drone  
  44  3:43  Queen  
  44  3:47  Drone  
  48  3:49  Overlord  
  48  3:52  Drone  
  48  3:54  Drone  
  50  3:57  Lair  
  50  4:00  Drone  
  50  4:02  Extractor, Drone  
  51  4:03  Extractor  
  51  4:09  Drone x2  
  52  4:10  Drone  
  52  4:11  Drone  
  52  4:15  Zergling x4  
  56  4:20  Overlord  
  56  4:24  Queen  
  56  4:27  Overlord, Roach  
  60  4:38  Drone x2  
  60  4:39  Drone  
  60  4:40  Drone  
  60  4:41  Drone x2  
  60  4:44  Queen  
  60  4:45  Drone  
  68  4:49  Roach  
  68  4:51  Roach  
  72  4:53  Evolution Chamber  
  72  4:54  Drone  
  72  4:56  Drone  
  72  4:57  Evolution Chamber  
  72  4:59  Drone  
  73  5:02  Drone  
  73  5:04  Glial Reconstitution  
  73  5:05  Overlord  
  74  5:08  Overlord  
  74  5:12  Extractor  
  74  5:13  Drone  
  74  5:24  Overlord  
  74  5:25  Drone x3  
  74  5:26  Drone x2  
  79  5:32  Zerg Melee Weapons Level 1, Zerg Ground Armor Level 1  
  79  5:34  Overseer  
  79  5:35  Drone  
  80  5:38  Drone, Infestation Pit  
  80  5:39  Extractor  
  80  5:41  Drone  
  80  5:43  Drone  
  80  5:44  Drone  
  80  5:45  Drone  
  80  5:46  Overlord x2  
  80  5:49  Extractor, Drone  
  83  5:51  Ravager x3  
  83  5:56  Drone x2  
  88  5:58  Drone x3  
  91  6:07  Drone x2  
  91  6:10  Drone  
  94  6:14  Drone  
  94  6:15  Drone, Hatchery, Infestor x2  
  99  6:21  Overlord  
  99  6:22  Overlord  
  99  6:26  Hive  
  99  6:27  Overlord  
  99  6:29  Roach x2  
  103  6:33  Roach x2  
  103  6:39  Roach x3  
  113  6:40  Overlord  
  113  6:41  Overlord  
  113  6:48  Overseer  
  113  6:49  Spore Crawler  
  113  6:51  Roach x4  
  119  7:08  Zergling x18  
  120  7:12  Drone, Spore Crawler  
  128  7:22  Drone x6  
  134  7:30  Drone x2  
  134  7:33  Drone  
  137  7:39  Infestor x2  
  137  7:44  Adrenal Glands  
  137  7:45  Ultralisk Cavern, Zerg Melee Weapons Level 2  
  137  7:48  Drone x2  
  136  7:51  Extractor  
  136  7:52  Drone  
  136  7:53  Extractor  
  136  7:54  Zerg Ground Armor Level 2, Overlord x2  
  136  7:55  Overlord x2  
  135  7:59  Drone  
  135  8:04  Overlord x3  
  136  8:07  Overlord, Spore Crawler  
  135  8:15  Zergling x8  
  135  8:16  Zergling x10  
  144  8:24  Roach x4  
  144  8:25  Roach x2  
  155  8:28  Drone x2  
  155  8:29  Drone  
  158  8:35  Ultralisk  
  158  8:37  Ultralisk  
  158  8:38  Ultralisk  
  176  8:43  Spire  
  174  8:54  Chitinous Plating  
  171  8:59  Hatchery  
  131  9:11  Ultralisk x2  
  131  9:12  Zergling x18  
  150  9:28  Ultralisk x2  
  157  9:35  Ravager x3  
  157  9:38  Drone x2  
  162  9:42  Zergling x24  
  162  9:45  Ravager  
  175  9:51  Baneling Nest  
  174  9:59  Extractor  
  173  10:00  Extractor  
Show
View Real Time Build Order
Export as new Build Order

EnVyUsPolt Terran 

Build Orders: Reaper Expand, MMM Bio 

Get SALT Encoding   

  12  0:00  SCV  
  13  0:13  SCV  
  14  0:17  Supply Depot  
  14  0:25  SCV  
  15  0:38  SCV  
  15  0:40  Barracks  
  16  0:43  Refinery  
  16  0:50  SCV  
  17  1:03  SCV  
  18  1:15  SCV  
  19  1:27  Reaper, Orbital Command  
  20  1:39  Command Center  
  20  1:50  Supply Depot  
  20  1:53  SCV  
  21  1:59  Marine  
  22  2:05  SCV  
  22  2:08  Factory  
  23  2:11  Refinery  
  23  2:17  Marine, SCV  
  25  2:29  SCV  
  26  2:35  Marine  
  27  2:42  SCV  
  28  2:51  Orbital Command  
  28  2:52  Starport  
  28  2:54  SCV  
  28  2:55  Bunker  
  28  2:57  Factory Tech Lab, Barracks Reactor  
  29  3:06  SCV  
  30  3:17  Siege Tank  
  33  3:20  SCV x2  
  35  3:27  Supply Depot  
  35  3:32  Marine x2, SCV x2  
  39  3:36  Medivac  
  41  3:44  SCV  
  41  3:45  SCV  
  43  3:51  Command Center  
  43  3:56  SCV  
  43  3:57  SCV  
  45  4:09  Viking, SCV x2  
  49  4:15  Factory Reactor  
  49  4:20  Marine  
  49  4:21  SCV x2  
  49  4:24  Barracks  
  52  4:25  Barracks  
  52  4:33  SCV x2  
  53  4:41  Starport Reactor, Marine  
  54  4:46  Refinery  
  54  4:47  Refinery  
  54  4:54  Engineering Bay  
  54  4:55  Engineering Bay  
  54  4:57  Supply Depot  
  54  5:02  SCV x2  
  54  5:03  Factory Reactor  
  54  5:04  Orbital Command  
  56  5:12  Marine x3, Stimpack  
  59  5:14  SCV x2  
  59  5:16  Barracks  
  59  5:17  Barracks  
  59  5:18  Marine x2  
  63  5:26  SCV x2  
  65  5:31  Terran Infantry Armor Level 1, Terran Infantry Weapons Level 1  
  65  5:33  Orbital Command  
  65  5:38  Marine x5, SCV  
  65  5:39  SCV  
  76  6:00  Marine  
  77  6:04  Marine x2, Medivac  
  77  6:06  Barracks Reactor  
  77  6:10  Supply Depot x2  
  77  6:11  Supply Depot  
  77  6:12  SCV x3, Marine x2, Medivac  
  77  6:13  Factory Tech Lab  
  77  6:15  Marine  
  85  6:22  Supply Depot  
  85  6:29  Armory  
  85  6:30  Supply Depot x2  
  85  6:31  Marine x5  
  85  6:32  Marauder  
  92  6:33  Marine  
  92  6:34  SCV  
  92  6:35  SCV x2  
  92  6:39  Siege Tank  
  99  6:41  Medivac  
  99  6:42  Medivac  
  99  6:46  SCV  
  99  6:47  Refinery, SCV x2  
  105  6:49  Marine  
  107  6:54  Marine x6, Marauder  
  107  6:59  SCV x3  
  118  7:07  Marine x2  
  120  7:11  Siege Tank  
  120  7:12  Medivac  
  120  7:13  Medivac  
  120  7:14  SCV x3  
  125  7:25  Combat Shields, Marine x6, Marauder  
  133  7:34  Refinery  
  133  7:36  SCV  
  133  7:37  Marine  
  133  7:38  Marine, SCV x2  
  133  7:43  Siege Tank  
  127  7:49  Marine x4, Marauder  
  133  7:53  Supply Depot, Marine x2  
  133  7:55  Marine  
  133  7:56  Marine  
  133  7:57  Terran Infantry Weapons Level 2, Terran Infantry Armor Level 2  
  134  7:59  Medivac  
  136  8:07  Marine x4  
  136  8:11  Marine  
  136  8:12  Barracks  
  141  8:13  Barracks  
  141  8:14  Barracks, Marine x3  
  141  8:15  Terran Vehicle Weapons Level 1, Marauder  
  146  8:28  Supply Depot x2  
  146  8:29  Supply Depot  
  145  8:39  Marine x2, Marauder  
  149  8:49  Concussive Shells, Marine x6  
  149  8:50  Siege Tank  
  149  8:51  Medivac x2  
  162  8:55  Command Center  
  162  8:56  Supply Depot  
  162  8:58  Supply Depot  
  154  9:06  Marine x5, Marauder  
  154  9:07  Marine x6  
  135  9:20  Medivac  
  135  9:21  Medivac  
  135  9:22  Siege Tank  
  122  9:33  Barracks Tech Lab x3, Marauder  
  122  9:35  Marine x8  
  132  9:50  Factory  
  131  9:58  Siege Tank  
  131  9:59  Marauder x2  
  142  10:00  Marine x8, Marauder x2  
Tags
 
Add a new tag
Caveats
  • Supply blocks, unpowered buildings, or Contaminate may cause inaccurate times.
  • Supply counts are checked every 10 seconds.